 Dungeon Crawl Stone Soup version 0.22.1-2-g9c5b331 (webtiles) character file.

6052 nicolaieve the Basher (level 10, -1/84 HPs)
             Began as a Minotaur Berserker on Nov 23, 2018.
             Was a High Priest of Trog.
             Slain by a killer bee (2 damage)
             ... on level 9 of the Dungeon.
             The game lasted 00:32:03 (7234 turns).

nicolaieve the Basher (Minotaur Berserker)          Turns: 7234, Time: 00:32:04

Health: -1/84      AC: 10    Str: 24    XL:     10   Next: 57%
Magic:  9/9        EV:  9    Int:  4    God:    Trog [*****.]
Gold:   366        SH: 12    Dex: 11    Spells: 9/9 levels left

rFire    + . .     SeeInvis .   C - +1 flail (crush)
rCold    x . .     Gourm    .   G - +0 shield
rNeg     + . .     Faith    .   n - +0 scale mail
rPois    +         Spirit   .   (helmet restricted)
rElec    .         Reflect  .   s - +0 cloak {MR+}
rCorr    .         Harm     .   M - +0 pair of gloves
MR       ++++.     Clarity  +   (no boots)
Stlth    ..........             J - amulet of the Four Winds {rN+ MR+++ Clar}
HPRegen  0.24/turn              A - ring of poison resistance
MPRegen  0.11/turn              H - ring of fire (curse)

@: berserk cooldown, slowed, very slow
A: retaliatory headbutt, horns 2
a: Berserk, Trog's Hand, Brothers in Arms, Renounce Religion


You were on level 9 of the Dungeon.
You worshipped Trog.
Trog was extremely pleased with you.
You were very hungry.

You visited 1 branch of the dungeon, and saw 9 of its levels.
You also visited: Ossuary.

You collected 366 gold pieces.

Inventory:

Hand Weapons
 u - a +0 hunting sling
 C - a +1 flail of crushing (weapon)
 D - a +2 dire flail of protection
Missiles
 e - 293 stones (quivered)
 v - 134 sling bullets
Armour
 n - a +0 scale mail (worn)
 s - a +0 cloak of magic resistance (worn)
 G - a +0 shield (worn)
 M - a +0 pair of gloves (worn)
Jewellery
 A - a ring of poison resistance (left hand)
 H - a cursed ring of fire (right hand)
 J - the amulet of the Four Winds (around neck) {rN+ MR+++ Clar}
   (You found it on level 7 of the Dungeon)

   [amulet of nothing]

   It protects you from negative energy.
   It affects your resistance to hostile enchantments.
   It protects you against confusion.
 K - an uncursed ring of ice
Wands
 w - a wand of paralysis (18)
Scrolls
 d - 6 scrolls of teleportation {unknown}
 h - 2 scrolls of random uselessness {unknown}
 i - 5 scrolls of enchant weapon {unknown}
 j - 2 scrolls of fog {unknown}
 l - 3 scrolls of noise {unknown}
 o - a scroll of vulnerability {unknown}
 r - 2 scrolls of remove curse {unknown}
 t - a scroll of amnesia {unknown}
 x - 6 scrolls of enchant armour {unknown}
 y - 3 scrolls of magic mapping {unknown}
 E - 4 scrolls of fear {unknown}
 F - a scroll of immolation {unknown}
 I - a scroll of blinking {unknown}
Potions
 a - 2 potions of curing
 b - a potion of haste
 f - 2 potions of resistance
 g - 2 potions of magic
 k - a potion of lignification
 m - 2 potions of cancellation
 q - a potion of invisibility {unknown}
 z - 2 potions of mutation
 B - 4 potions of agility
 L - a potion of brilliance {unknown}
Comestibles
 c - 11 rations
 N - 2 chunks of flesh


   Skills:
 + Level 6.6 Fighting
 - Level 14.1 Maces & Flails
 + Level 7.0 Armour
 - Level 2.1 Dodging
 * Level 9.2 Shields


You had 9 spell levels left.
You didn't know any spells.
Your spell library was empty.

Dungeon Overview and Level Annotations

Branches:
Dungeon (9/15)             Temple (0/1) D:5
   Lair: D:8-11         Orc: D:9-12

Altars:
Gozag
Hepliaklqana
Makhleb
Sif Muna
Vehumet
Xom
Zin


Innate Abilities, Weirdness & Mutations

You reflexively headbutt those who attack you in melee.
You have a pair of horns on your head.


Message History

* * * LOW HITPOINT WARNING * * *
You block the killer bee's attack. The killer bee stings you.
* * * LOW HITPOINT WARNING * * *
The killer bee stings you.
* * * LOW HITPOINT WARNING * * *
The killer bee stings you.
* * * LOW HITPOINT WARNING * * *
The killer bee stings you.
* * * LOW HITPOINT WARNING * * *
The killer bee stings you.
* * * LOW HITPOINT WARNING * * *
You block the killer bee's attack.
The killer bee stings you but does no damage.
You hear a shout!
You hear a bark!
You hear a shout!
The killer bee closely misses you. The killer bee barely misses you.
You block the killer bee's attack.
The killer bee stings you but does no damage.
The killer bee closely misses you. You furiously retaliate!
You headbutt the killer bee! The killer bee stings you.
You die...

..... ....... .....
#####..# ###.....####
#..........#
###.......y..#
#†.......yy..######
..%..%.†#.....yy@<.......
%%......#......yy..#####.
%(....y.#.......h..#
...%...##.)........#
####### ######.##### #.#
#.# #.#


You could see a howler monkey and 7 killer bees.

Vanquished Creatures
  Harold (D:7)
  2 two-headed ogres (D:8)
  Joseph (D:7)
  A queen bee (D:9)
  Eustachio (D:5)
  The ghost of Paps the Skirmisher, an amateur DsFi (D:4)
  Edmund (D:5)
  2 ice beasts
  An orc warrior (D:8)
  A phantom (D:8)
  2 ogres
  A centaur (D:5)
  3 bullfrogs
  A scorpion (D:6)
  17 killer bees (D:9)
  2 bullfrog zombies
  4 howler monkeys
  A crimson imp (D:5)
  2 bullfrog skeletons
  A quasit (D:8)
  6 hounds
  A jelly (D:7)
  A gnoll shaman (D:6)
  3 orc priests
  7 orc wizards
  Crazy Yiuf (D:2)
  Ijyb (D:5)
  An iguana (D:6)
  Natasha (thrice) (D:2)
  2 worker ants (D:4)
  2 hound skeletons
  14 mummies (Ossuary)
  A howler monkey zombie (D:9)
  2 worker ant zombies (D:8)
  4 gnolls (D:6)
  9 adders
  3 oozes (D:3)
  An adder skeleton (D:7)
  3 worms
  2 dart slugs
  A leopard gecko (D:3)
  32 orcs
  6 giant cockroaches
  10 goblins
  10 hobgoblins
  19 jackals
  A ball python (D:2)
  3 bats
  4 frilled lizards
  A giant cockroach zombie (D:5)
  3 gnoll skeletons (Ossuary)
  A goblin skeleton (Ossuary)
  10 kobolds
  3 kobold skeletons (Ossuary)
  A leopard gecko skeleton (D:8)
  7 rats
  11 rat skeletons (Ossuary)
236 creatures vanquished.

Vanquished Creatures (others)
  An orc skeleton (Ossuary)
1 creature vanquished.

Grand Total: 237 creatures vanquished

Notes
Turn   | Place    | Note
-------+----------+-------------------------------------------
     0 | D:1      | nicolaieve the Minotaur Berserker began the quest for the
                  | Orb.
     0 | D:1      | Reached XP level 1. HP: 19/19 MP: 0/0
   260 | D:1      | Reached skill level 4 in Maces & Flails
   475 | D:1      | Reached XP level 2. HP: 26/26 MP: 1/1
   909 | D:1      | Reached ** piety under Trog
  1291 | D:2      | Reached skill level 5 in Maces & Flails
  1291 | D:2      | Reached XP level 3. HP: 31/31 MP: 2/2
  1767 | D:2      | Noticed Natasha
  1775 | D:2      | Killed Natasha
  1775 | D:2      | Reached skill level 6 in Maces & Flails
  1775 | D:2      | Reached XP level 4. HP: 22/39 MP: 3/3
  1819 | D:2      | Found a runed door.
  1846 | D:2      | Noticed Natasha
  1855 | D:2      | Killed Natasha
  2002 | D:2      | Noticed Natasha
  2016 | D:2      | Killed Natasha
  2092 | D:2      | Noticed Crazy Yiuf
  2098 | D:2      | Killed Crazy Yiuf
  2098 | D:2      | Reached skill level 7 in Maces & Flails
  2098 | D:2      | Reached XP level 5. HP: 41/45 MP: 4/4
  2311 | D:3      | Found a radiant altar of Vehumet.
  2552 | D:3      | Reached *** piety under Trog
  3234 | D:4      | Reached skill level 8 in Maces & Flails
  3255 | D:4      | Reached XP level 6. HP: 51/51 MP: 5/5
  3703 | D:4      | Reached skill level 9 in Maces & Flails
  3720 | D:4      | Found a runed door.
  3720 | D:4      | Noticed Paps's ghost (amateur DsFi)
  3921 | D:4      | Killed Paps's ghost
  3921 | D:4      | Reached skill level 1 in Shields
  3921 | D:4      | Reached XP level 7. HP: 57/57 MP: 6/6
  3950 | D:5      | Entered Level 5 of the Dungeon
  3980 | D:5      | Noticed Edmund
  3989 | D:5      | Reached skill level 10 in Maces & Flails
  4003 | D:5      | Killed Edmund
  4150 | D:5      | Noticed Eustachio
  4159 | D:5      | Killed Eustachio
  4159 | D:5      | Reached skill level 11 in Maces & Flails
  4159 | D:5      | Reached XP level 8. HP: 64/64 MP: 7/7
  4364 | D:5      | Found an opulent altar of Gozag.
  4498 | D:5      | Noticed Ijyb
  4500 | D:5      | Found a staircase to the Ecumenical Temple.
  4505 | D:5      | Killed Ijyb
  4639 | D:6      | Found a shimmering altar of Xom.
  4789 | D:6      | Found a burning altar of Makhleb.
  4921 | D:6      | Reached skill level 12 in Maces & Flails
  4934 | D:6      | Found a glowing silver altar of Zin.
  5085 | D:6      | Reached **** piety under Trog
  5104 | D:6      | Found a deep blue altar of Sif Muna.
  5251 | D:7      | Noticed Joseph
  5263 | D:7      | Killed Joseph
  5263 | D:7      | Reached XP level 9. HP: 72/72 MP: 8/8
  5385 | D:7      | Reached skill level 5 in Shields
  5700 | D:7      | Found the amulet of the Four Winds {rN+ MR+++ Clar}
  5750 | D:7      | Noticed Harold
  5765 | D:7      | Killed Harold
  5765 | D:7      | Reached skill level 5 in Fighting
  5765 | D:7      | Reached skill level 13 in Maces & Flails
  5765 | D:7      | Reached skill level 5 in Armour
  6015 | D:8      | Noticed a two-headed ogre
  6022 | D:8      | Killed a two-headed ogre
  6078 | D:8      | Found a sand-covered staircase.
  6087 | Ossuary  | Entered an ossuary
  6253 | Ossuary  | Reached ***** piety under Trog
  6261 | Ossuary  | Reached XP level 10. HP: 82/82 MP: 9/9
  6912 | D:8      | Noticed a two-headed ogre
  6917 | D:8      | Killed a two-headed ogre
  6917 | D:8      | Reached skill level 14 in Maces & Flails
  7063 | D:8      | Found a hazy altar of Hepliaklqana.
  7231 | D:9      | HP: 4/84 [killer bee (5)]
  7233 | D:9      | HP: 1/84 [killer bee (2)]
  7234 | D:9      | Slain by a killer bee

Skill      XL: |  1  2  3  4  5  6  7  8  9 10 |
---------------+-------------------------------+-----
Maces & Flails | 4 5 6 7 8 9 11 12 13 14 | 14.1
Shields        | 1 3 4 7 9 |  9.2
Fighting       | 4 5 6 |  6.6
Armour         | 4 6 7 |  7.0
Dodging        | |  2.1

Action                   |  1- 3 |  4- 6 |  7- 9 | 10-12 || total
-------------------------+-------+-------+-------+-------++-------
Melee: Mace              |    34 |       |       |       ||    34
       Headbutt          |    13 |    23 |    53 |    28 ||   117
       Whip              |    18 |   141 |       |       ||   159
       Flail             |       |    38 |   251 |   152 ||   441
Invok: Berserk           |     1 |     2 |     4 |     1 ||     8
       Trog's Hand       |     1 |     1 |       |     1 ||     3
  Use: Scroll            |       |       |     9 |     1 ||    10
       Potion            |       |       |       |     4 ||     4
  Eat: Chunk             |     3 |     9 |     9 |     3 ||    24
       Ration            |       |       |     1 |       ||     1
Armor: Ring mail         |    11 |    41 |       |       ||    52
       Scale mail        |       |     6 |    62 |    63 ||   131
Dodge: Dodged            |    33 |    92 |    58 |    89 ||   272
Block: Buckler           |       |       |    13 |       ||    13
       Shield            |       |       |    55 |   132 ||   187
